AoeStats
← VkA | Leite Ninho

Socotra

506473892Analyzed
4v4 RM · 18d ago on Sep 13, 2026· 53m 36s· 8 players
Game mode
Random Map
Map size
148×148
Population
200
Speed
Normal
Resources
Standard
Victory
Conquest
Starting age
Dark Age
Ending age
Imperial Age
RankedLock teamsTeams togetherTeam positionsShared explorationLock speedFull tech treeHidden civsTurbo modeCheats
Victory
Defeat
🇨🇳 Maya · China
1406
+12
🇬🇧 Byzantines · United Kingdom
1367
+14
🇹🇷 Armenians · Türkiye
1336
+15
🇨🇦 Teutons · Canada
1300
+16
🇧🇷 Magyars · Brazil
1343
-15
🇧🇷 Khmer · Brazil
1331
-15
🇧🇷 Ethiopians · Brazil
1317
-14
🇧🇷 Franks · Brazil
1293
-13
MonkHater
0:29 Loom
10:30 Feudal Age
13:35 Double-Bit Axe
17:15 Fletching
22:36 Castle Age
23:03 Padded Archer Armor
23:38 Bodkin Arrow
23:17 Crossbowman
27:39 Town Watch
pppni
6:32 Loom
9:36 Feudal Age
13:04 Double-Bit Axe
13:16 Horse Collar
17:28 Forging
22:08 Castle Age
20:27 Gold Mining
22:36 Scale Barding Armor
22:55 Bloodlines
32:40 Iron Casting
36:41 Wheelbarrow
EDubble
5:54 Loom
8:47 Feudal Age
10:26 Double-Bit Axe
15:03 Horse Collar
16:11 Fletching
17:14 Padded Archer Armor
20:25 Wheelbarrow
23:55 Castle Age
24:09 Elite Skirmisher
24:48 Bodkin Arrow
26:06 Stone Mining
29:26 Ballistics
29:19 Pikeman
33:03 Imperial Age
31:42 Heavy Plow
31:36 Gold Mining
33:53 Bracer
35:10 Chemistry
38:09 Leather Archer Armor
39:58 Ring Archer Armor
43:23 Conscription
43:57 Squires
44:18 Bow Saw
48:44 Halberdier
50:04 Scale Mail Armor
50:14 Forging
53:13 Coinage
53:08 Hand Cart
C42
8:16 Loom
10:02 Feudal Age
11:32 Horse Collar
11:38 Double-Bit Axe
11:42 Man-at-Arms
13:52 Long Swordsman
17:02 Scale Mail Armor
17:55 Arson
18:23 Forging
23:33 Castle Age
21:57 Pikeman
23:11 Gold Mining
25:49 Chain Mail Armor
26:00 Squires
25:46 Gambesons
27:02 Wheelbarrow
26:13 Town Watch
26:38 Bow Saw
30:13 Heavy Plow
30:24 Halberdier
34:01 Hand Cart
33:51 Stone Mining
35:20 Fletching
39:46 Imperial Age
37:39 Bodkin Arrow
37:39 Two-Handed Swordsman
38:23 Padded Archer Armor
39:25 Leather Archer Armor
41:07 Gold Shaft Mining
40:42 Fereters
41:32 Ballistics
42:50 Bracer
43:28 Ring Archer Armor
43:59 Champion
45:10 Plate Mail Armor
44:55 Elite Composite Bowman
45:56 Conscription
46:24 Iron Casting
47:17 Chemistry
48:20 Blast Furnace
48:49 Bombard Tower
53:21 Coinage
VkA | LimaoNub
6:33 Loom
9:07 Feudal Age
9:50 Double-Bit Axe
10:01 Horse Collar
17:36 Scale Barding Armor
23:26 Castle Age
22:39 Bloodlines
23:03 Gold Mining
23:35 Light Cavalry
24:16 Husbandry
26:37 Chain Barding Armor
33:19 Wheelbarrow
39:45 Imperial Age
37:40 Stone Mining
38:27 Man-at-Arms
39:08 Scale Mail Armor
39:22 Long Swordsman
40:05 Two-Handed Swordsman
41:26 Champion
43:11 Chain Mail Armor
43:20 Capped Ram
46:05 Plate Barding Armor
44:57 Hussar
47:52 Hand Cart
47:55 Padded Archer Armor
47:57 Cavalier
49:20 Elite Skirmisher
50:16 Leather Archer Armor
49:52 Fletching
51:37 Conscription
52:08 Ring Archer Armor
51:33 Bodkin Arrow
52:14 Plate Barding Armor
52:16 Bodkin Arrow
52:52 Ring Archer Armor
53:40 Ballistics
54:21 Chemistry
VkA | 侍
6:53 Loom
9:14 Feudal Age
10:14 Double-Bit Axe
12:33 Fletching
19:46 Castle Age
18:53 Scale Barding Armor
18:59 Forging
19:09 Gold Mining
20:30 Wheelbarrow
24:06 Town Watch
25:00 Iron Casting
27:34 Husbandry
30:22 Wheelbarrow
30:19 Chain Barding Armor
30:59 Bow Saw
32:04 Crossbowman
33:04 Bodkin Arrow
34:12 Padded Archer Armor
35:46 Leather Archer Armor
46:49 Hand Cart
AlixVance
1:07 Loom
10:46 Feudal Age
11:41 Double-Bit Axe
19:09 Fletching
26:19 Castle Age
27:06 Crossbowman
31:28 Bow Saw
41:41 Bodkin Arrow
45:21 Padded Archer Armor
44:55 Elite Skirmisher
VkA | Leite Ninho
5:48 Loom
8:18 Feudal Age
16:15 Fletching
16:44 Double-Bit Axe
23:53 Castle Age
22:39 Gold Mining
23:31 Padded Archer Armor
23:56 Crossbowman
24:31 Bodkin Arrow
26:38 Ballistics
36:43 Imperial Age
36:46 Arbalester
37:27 Bracer
37:39 Bracer
40:47 Gold Shaft Mining
44:04 Elite Skirmisher
45:56 Leather Archer Armor
50:24 Conscription
Connection lost

Rejoining the realm…

Still unreachable

The connection could not be restored.

Session expired

The server has moved on; the page needs a fresh start.